 Zot Defence DCSS version 0.15.2 (webtiles) character file.

18515 hexophile the Severer (level 12, 0/105 HPs)
             Began as a Centaur Berserker on Sept 5, 2015.
             Was a High Priest of Trog.
             Killed by divine providence
             ... invoked by a deep elf priest
              (16 damage)
             ... in the Realm of Zot (Scenario II: Battle Heart).
             The game lasted 00:06:52 (2243 turns).

hexophile the Severer (Centaur Berserker)           Turns: 2243, Time: 00:06:52

HP   0/105       AC  4     Str 24      XL: 12   Next: 28%
MP   9/9         EV 10     Int  6      God: Trog [*****.]
Gold 0           SH  0     Dex 10      Spells:  0 memorised, 11 levels left

rFire  . . .     SeeInvis .     a - +0 hand axe
rCold  . . .     Clarity  .     b - +0 animal skin
rNeg   . . .     rCorr    .     (no shield)
rPois  .         rRot     .     (no helmet)
rElec  .         Spirit   .     (no cloak)
SustAb .         Warding  .     (no gloves)
rMut   .         Stasis   .     (no barding)
Gourm  .                        (no amulet)
MR     ++...                    (no ring)
                                (no ring)

@: regenerating, very quick, very resistant to hostile enchantments, very
unstealthy
A: hooves 3, deformed body, speed 2, tough skin 3
a: Make oklob sapling, Make arrow trap, Make plant, Remove Curse, Make burning
bush, Make altar, Make grenades, Make oklob plant, Make net trap, Make ice
statue, Make spear trap, Make alarm trap, Make mushroom circle, Burn Spellbooks,
Berserk, Trog's Hand, Brothers in Arms, Renounce Religion


You were in the Realm of Zot.
You worshipped Trog.
Trog was extremely pleased with you.
You were not hungry.

You visited 1 branch

Inventory:

Hand weapons
 a - a +0 hand axe (weapon)
Armour
 b - a +0 animal skin (worn)
Magical devices
 j - a wand of polymorph (17) {unknown}
Comestibles
 d - a bread ration
Scrolls
 i - a scroll of blinking
Potions
 c - 3 potions of curing
 e - a potion of heal wounds
 f - a potion of haste
 g - 2 potions of magic
 h - a potion of berserk rage
 k - a potion of blood


   Skills:
 - Level 9.4 Fighting
 + Level 15.7 Axes
 - Level 2.8 Armour
 - Level 2.7 Dodging


You had 11 spell levels left.
You didn't know any spells.

Dungeon Overview and Level Annotations

Branches:
    Zot (1/1)

Altars:


Innate Abilities, Weirdness & Mutations

You have hooves in place of feet.
Armour fits poorly on your strangely shaped body.
You cover ground very quickly.
You have extremely tough skin (AC +3).


Message History

You slash the deep elf knight! Your kick misses the deep elf knight.
The deep elf knight is severely wounded.
The deep elf knight's eyes start to glow.
You are too injured to fight recklessly!
Unknown command.
You miss the deep elf knight. You kick the deep elf knight.
The deep elf knight is severely wounded.
The deep elf knight gestures wildly while chanting.
The deep elf knight seems to speed up.
You are too injured to fight recklessly!
Unknown command.
The deep elf knight gestures wildly while chanting.
You feel a wave of unholy energy pass over you.
You are too injured to fight recklessly!
Unknown command.
You are too injured to fight recklessly!
Unknown command.
The deep elf priest calls down the wrath of its god upon something.
Something smites you!
You die...

..........▓▓#### ####▓▓
........▓▓▓ ▓ ......▓▓▓ ....▓▓▓
...▓▓ ..▓▓######### ###
............####### #######..
#####..........eee### ###))......
##########.e@*)X###)).)..####
##......%X#%%......##
#........))(........# ####
#...................# ...#####
#.................).# .......##
##...................##
........###.....................#
.............#...............##..
..........#####.............#####


You could see 2 deep elf knights, 2 large abominations, a deep elf priest and a
deep elf mage.

Vanquished Creatures
  A queen ant (Zot)
  A hill giant (Zot)
  6 wolf spiders (Zot)
  8 slime creatures (Zot)
  A redback (Zot)
  8 vampires (Zot)
  A hell hound (Zot)
  A necrophage (Zot)
  3 vampire mosquitoes (Zot)
  2 porcupines (Zot)
  A sky beast (Zot)
  A small abomination (Zot)
  3 boggarts (Zot)
  4 giant frogs (Zot)
  Duvessa (Zot)
  A crocodile (Zot)
  A killer bee (Zot)
  4 wights (Zot)
  2 worker ants (Zot)
  A goliath beetle (Zot)
  6 hounds (Zot)
  5 iguanas (Zot)
  A water moccasin simulacrum (Zot)
  7 sheep (Zot)
  Ijyb (Zot)
  An elf simulacrum (Zot)
  A gnoll (Zot)
  22 green rats (Zot)
  7 adders (Zot)
  A worm (Zot)
  A giant gecko (Zot)
  An ooze (Zot)
  3 orcs (Zot)
  4 ball pythons (Zot)
  12 bats (Zot)
  5 giant cockroaches (Zot)
  15 goblins (Zot)
  6 hobgoblins (Zot)
  4 jackals (Zot)
  8 kobolds (Zot)
  7 quokkas (Zot)
  A giant newt (Zot)
  8 rats (Zot)
  A butterfly (Zot)
  A crawling corpse (Zot)
180 creatures vanquished.

Notes
Turn   | Place    | Note
--------------------------------------------------------------
     0 | Zot      | hexophile, the Centaur Berserker, began the quest for the Orb.
     0 | Zot      | Reached XP level 1. HP: 19/19 MP: 1/1
   223 | Zot      | Noticed Ufaic
   279 | Zot      | Killed Ufaic the worker ant
   279 | Zot      | Reached XP level 2. HP: 25/27 MP: 2/2
   279 | Zot      | Reached XP level 3. HP: 30/33 MP: 3/3
   279 | Zot      | Reached XP level 4. HP: 36/40 MP: 3/3
   481 | Zot      | Reached skill level 4 in Fighting
   512 | Zot      | Reached XP level 5. HP: 46/46 MP: 4/4
   516 | Zot      | Noticed Baash
   532 | Zot      | Killed Baash the giant frog
   532 | Zot      | Reached XP level 6. HP: 53/55 MP: 5/5
   535 | Zot      | Acquired Trog's second power
   649 | Zot      | Reached skill level 5 in Fighting
   649 | Zot      | Reached skill level 5 in Axes
   693 | Zot      | Reached XP level 7. HP: 61/61 MP: 5/5
   727 | Zot      | Noticed Duvessa
   850 | Zot      | Killed Duvessa
   874 | Zot      | Reached skill level 6 in Fighting
  1090 | Zot      | Reached XP level 8. HP: 69/71 MP: 6/6
  1118 | Zot      | Reached skill level 7 in Fighting
  1332 | Zot      | Noticed Ijyb
  1342 | Zot      | Killed Ijyb
  1567 | Zot      | Noticed a storm dragon
  1568 | Zot      | Acquired Trog's third power
  1568 | Zot      | Reached skill level 8 in Axes
  1568 | Zot      | Reached XP level 9. HP: 81/81 MP: 7/7
  1576 | Zot      | Noticed a fire dragon
  1579 | Zot      | Noticed an ice dragon
  1580 | Zot      | Noticed a moth of wrath
  1587 | Zot      | Noticed a slime creature
  1607 | Zot      | Reached skill level 9 in Axes
  1613 | Zot      | Noticed a hill giant
  1623 | Zot      | Killed a slime creature
  1640 | Zot      | Noticed an ice dragon
  1670 | Zot      | Killed a hill giant
  1670 | Zot      | Reached skill level 10 in Axes
  1670 | Zot      | Reached XP level 10. HP: 89/91 MP: 7/7
  1675 | Zot      | Noticed a wolf spider
  1693 | Zot      | Killed a wolf spider
  1693 | Zot      | Reached skill level 11 in Axes
  1694 | Zot      | Noticed a wolf spider
  1720 | Zot      | Noticed a wolf spider
  1750 | Zot      | Reached skill level 12 in Axes
  1766 | Zot      | Killed a wolf spider
  1766 | Zot      | Reached XP level 11. HP: 97/97 MP: 8/8
  1774 | Zot      | Killed a wolf spider
  1774 | Zot      | Reached skill level 13 in Axes
  1800 | Zot      | Noticed a wolf spider
  1877 | Zot      | Noticed a green draconian
  1879 | Zot      | Reached skill level 14 in Axes
  1973 | Zot      | Killed a wolf spider
  2010 | Zot      | Reached skill level 15 in Axes
  2010 | Zot      | Reached XP level 12. HP: 31/105 MP: 9/9
  2243 | Zot      | Killed from afar by a deep elf priest

Action                   |  1- 3 |  4- 6 |  7- 9 | 10-12 || total
-------------------------+-------+-------+-------+-------++-------
Melee: Hand axe          |    15 |   105 |   248 |   416 ||   784
Invok: Trog's Hand       |       |       |       |     6 ||     6
       Berserk           |       |       |       |     2 ||     2
